 Dungeon Crawl Stone Soup version 0.28-a0-1152-g9c71ebef14 (webtiles) character file.

Game seed: 6544341469486396199

759 tnor the Stinger (level 7, 0/75 HPs)
             Began as a Hill Orc Venom Mage on Dec 15, 2021.
             Slain by a phantom (2 damage)
             ... on level 4 of the Dungeon.
             The game lasted 00:16:01 (6395 turns).

tnor the Stinger (Hill Orc Venom Mage)              Turns: 6395, Time: 00:16:02

Health: 0/75       AC:  2    Str: 10 (13) XL:     7   Next: 80%
Magic:  12/13      EV: 12    Int: 12 (15) God:
Gold:   290        SH:  0    Dex:  8 (11) Spells: 11/14 levels left

rFire   . . .      SeeInvis +   f - +1 dagger
rCold   . . .      Faith    .   (no shield)
rNeg    . . .      Spirit   .   a - +1 robe
rPois   .          Reflect  .   (no helmet)
rElec   .          Harm     .   (no cloak)
rCorr   .          Rampage  .   (no gloves)
Will    .....                   (no boots)
Stlth   ..........              (no amulet)
HPRegen 0.22/turn               l - ring of see invisible
MPRegen 0.13/turn               (no ring)

@: mighty, berserking, flying, very quick
A: deformed body, noise suppression
a: no special abilities


You were on level 4 of the Dungeon.
You visited 1 branch of the dungeon, and saw 4 of its levels.

You collected 290 gold pieces.

Inventory:

Hand Weapons
 f - a +1 dagger (weapon)
Missiles
 n - 25 poisoned darts
Armour
 a - a +1 robe (worn)
Jewellery
 l - a ring of see invisible (left hand)
Scrolls
 b - a scroll of fog
 m - a scroll of amnesia
Potions
 c - a potion of mutation
 d - a potion of haste
 e - a potion of resistance {unknown}
 g - a potion of might
 h - a potion of degeneration
 o - a potion of cancellation {unknown}


   Skills:
 - Level 2.0 Dodging
 - Level 2.0 Stealth
 - Level 0.6 Unarmed Combat
 + Level 4.4 Spellcasting
 - Level 1.0 Transmutations
 + Level 5.9 Poison Magic


You had 11 spell levels left.
You knew the following spells:

 Your Spells              Type           Power      Damage    Failure   Level
a - Sting                 Tmut/Pois      44%        1d5       4%          1
b - Poisonous Vapours     Pois/Air       18%        N/A       10%         2

Your spell library contained the following spells:

 Spells                   Type           Power      Damage    Failure   Level
 Olgreb's Toxic Radiance  Pois           16%        N/A       19%         4
 Mephitic Cloud           Conj/Pois/Air  7%         N/A       28%         3
 Sublimation of Blood     Necr           2%         N/A       32%         2
 Petrify                  Tmut/Erth      3%         N/A       86%         4
 Irradiate                Conj/Tmut      1%         3d14      99%         5


Dungeon Overview and Level Annotations

Branches:
Dungeon (4/15)
 Temple: D:4-7

Altars:
Zin

Shops:
D:2 =


Innate Abilities, Weirdness & Mutations

Armour fits poorly on your strangely shaped body.
You passively dampen the noise of your surroundings.


Message History

Casting: Poisonous Vapours (safe; 8% risk of failure)
Confirm with . or Enter, or press ? or * to list all spells.
Okay, then.
You hit the phantom.
The phantom is heavily damaged.
The phantom hits you. The iguana bites you!
You hit the phantom.
The phantom is severely damaged.
The phantom hits you. The iguana bites you!
* * * LOW HITPOINT WARNING * * *
Unknown command.
It was a potion of mutation.
You feel extremely strange.
Your body twists and deforms.
You feel your surroundings grow quieter.
The phantom closely misses you. The iguana completely misses you.
Unknown command.
It was a potion of degeneration.
There was something very wrong with that liquid.
You feel weakened.
You feel dopey.
You feel clumsy. The phantom hits you.
* * * LOW HITPOINT WARNING * * *
The iguana barely misses you.
Unknown command.
Okay, then.
The phantom misses you.
It was a potion of flight.
You feel very buoyant.
You fly up into the air.
The iguana looks more healthy.
The phantom hits you.
* * * LOW HITPOINT WARNING * * *
The iguana closely misses you.
It was a potion of berserk rage.
A red film seems to cover your vision as you go berserk!
You feel yourself moving faster!
You feel mighty! The phantom hits you.
* * * LOW HITPOINT WARNING * * *
The iguana bites you.
* * * LOW HITPOINT WARNING * * *
You barely miss the phantom.
The phantom is severely damaged.
The phantom hits you.
You die...

#.................
#.....######'#....
#.....## #.....#
#......# #......
###l...# ##.....
#....# #....o
#....# #####o
###....##########o
#@W..[..........#.
#l#....########.#.
#.###### #.#. #.#
#.## #.# #.# #.#
#.# #.# #.## #.#
#... #.# ####


You could see a phantom and an iguana.

Vanquished Creatures
  A necrophage (D:4)
  4 kobold brigands (D:3)
  A bullfrog (D:4)
  A jelly (D:4)
  Natasha (thrice) (D:2)
  9 gnolls
  3 adders
  2 ufetubi (D:4)
  A worm (D:2)
  A dart slug (D:1)
  5 orcs
  A bat (D:1)
  2 endoplasms
  A giant cockroach (D:2)
  4 goblins
  10 hobgoblins
  7 jackals (D:1)
  2 quokkas
  3 ball pythons
  44 kobolds
  3 rats
108 creatures vanquished.

Notes
Turn   | Place    | Note
-------+----------+-------------------------------------------
     0 | D:1      | tnor the Hill Orc Venom Mage began the quest for the Orb.
     0 | D:1      | Reached XP level 1. HP: 14/14 MP: 3/3
   229 | D:1      | Reached skill level 3 in Poison Magic
   229 | D:1      | Reached XP level 2. HP: 7/20 MP: 0/4
   940 | D:1      | Reached XP level 3. HP: 26/26 MP: 2/5
  1434 | D:2      | Noticed Natasha
  1483 | D:2      | Killed Natasha
  1484 | D:2      | Reached skill level 1 in Transmutations
  1716 | D:2      | Noticed Natasha
  1728 | D:2      | Killed Natasha
  1729 | D:2      | Reached XP level 4. HP: 24/33 MP: 2/7
  1824 | D:2      | Found Moxtiad's Jewellery Shoppe.
  2195 | D:2      | Learned a level 2 spell: Poisonous Vapours
  2409 | D:2      | Reached XP level 5. HP: 10/38 MP: 1/8
  2960 | D:3      | Found a faded altar of an unknown god.
  3218 | D:3      | Reached skill level 4 in Poison Magic
  3881 | D:2      | Noticed Natasha
  3888 | D:2      | Killed Natasha
  4097 | D:3      | Reached XP level 6. HP: 42/45 MP: 0/10
  4952 | D:3      | Reached skill level 5 in Poison Magic
  4952 | D:3      | Reached XP level 7. HP: 50/50 MP: 2/12
  5757 | D:4      | Found a glowing silver altar of Zin.
  6390 | D:4      | Gained mutation: Armour fits poorly on your strangely
                  | shaped body. [potion of mutation]
  6390 | D:4      | Gained mutation: You passively dampen the noise of your
                  | surroundings. [potion of mutation]
  6394 | D:4      | HP: 2/75 [iguana (6)]
  6395 | D:4      | Slain by a phantom

Illustrated notes

Levels and vault maps discovered:
D:1:      elethiomel_arrival_quiet, layout_loops_ring,
          chequers_serial_rivers_micro_c
D:2:      layout_basic, serial_shops, shop, uniq_natasha
D:3:      minmay_goblin_kobold_castle, layout_rooms, basic_ecumenical_altar,
          minmay_between
D:4:      layout_basic, zin_statuary, minmay_fractal_squares_gapless_5

Skill      XL: |  1  2  3  4  5  6  7 |
---------------+----------------------+-----
Poison Magic   | 3 4 5 |  5.9
Spellcasting   | 2 3 4 |  4.4
Transmutations | 1 |  1.0
Stealth        | 2 |  2.0
Dodging        | 2 |  2.0
Unarmed Combat | |  0.6

Action                   |  1- 3 |  4- 6 |  7- 9 || total
-------------------------+-------+-------+-------++-------
Melee: Unarmed           |    39 |    10 |     7 ||    56
       Dagger            |     3 |    54 |    32 ||    89
 Cast: Sting             |    46 |    93 |    33 ||   172
       Poisonous Vapours |       |    28 |     5 ||    33
Evoke: Wand              |       |     8 |    18 ||    26
  Use: Potion            |     2 |     3 |     5 ||    10
       Scroll            |     1 |     6 |     2 ||     9
 Stab: Sleeping          |       |     2 |     2 ||     4
Armor: Robe              |    13 |    40 |    14 ||    67
       Skin              |       |    19 |     3 ||    22
Dodge: Dodged            |    32 |    93 |    40 ||   165

Table legend: (Time is in decaauts)
 A = Elapsed time spent in this place.
 B = Non-inter-level travel time spent in this place.
 C = Inter-level travel time spent in this place.
 D = Time resting spent in this place.
 E = Time spent auto-exploring this place.
 F = Levels seen in this place.
 G = Mean time per level.
                   A        B        C        D        E       F      G
               +--------+--------+--------+--------+--------+-----+--------+
         Total |   6404 |   6255 |    149 |    423 |   4854 |   4 | 1601.0 |
       Dungeon |   6404 |   6255 |    149 |    423 |   4854 |   4 | 1601.0 |
               +--------+--------+--------+--------+--------+-----+--------+

Top non-repeatable levels by time:
     D:3: 2306 daAuts
     D:2: 1846 daAuts
     D:1: 1454 daAuts
     D:4: 797 daAuts
